 Dungeon Crawl Stone Soup version 0.28-a0-199-g298df9dbad (webtiles) character file.

Game seed: 6003705879075447435

111 omnomnOMINOUS the Sneak (level 4, -8/30 HPs)
             Began as an Octopode Wanderer on Aug 19, 2021.
             Was a Believer of Cheibriados.
             Mangled by an ogre (10 damage)
             ... on level 5 of the Dungeon.
             The game lasted 00:05:50 (3233 turns).

omnomnOMINOUS the Sneak (Octopode Wanderer)         Turns: 3233, Time: 00:05:51

Health: -8/30      AC:  1    Str: 16    XL:     4   Next: 92%
Magic:  7/7        EV: 13    Int: 19    God:    Cheibriados [**....]
Gold:   140        SH:  5    Dex: 17    Spells: 7/7 levels left

rFire   . . .      SeeInvis .   a - +3 dagger
rCold   . . .      Faith    .   f - +0 buckler
rNeg    . . .      Spirit   .   (helmet restricted)
rPois   .          Reflect  .   (no amulet)
rElec   .          Harm     .   m - ring of wizardry
rCorr   .          Rampage  .   (no ring)
Will    .....                   (no ring)
Stlth   +++.......              (no ring)
HPRegen 0.10/turn               (no ring)
MPRegen 0.10/turn               (no ring)
                                (no ring)
                                (no ring)

@: very slow
A: almost no armour, amphibious, 8 rings, camouflage 1, gelatinous body 1,
(nimble swimmer 1), tentacles
a: Renounce Religion, Bend Time


You were on level 5 of the Dungeon.
You worshipped Cheibriados.
Cheibriados was pleased with you.
You visited 1 branch of the dungeon, and saw 5 of its levels.

You collected 140 gold pieces.

Inventory:

Hand Weapons
 a - a +3 dagger (weapon)
 b - a +2 dagger of holy wrath
 h - a +0 hand axe of flaming
Armour
 f - a +0 buckler (worn)
Jewellery
 m - a ring of wizardry (left tentacle)
Scrolls
 c - a scroll of teleportation
 g - a scroll of vulnerability {unknown}
 k - a scroll of fog {unknown}
 l - a scroll of brand weapon {unknown}
 p - 2 scrolls of identify {unknown}
Potions
 d - 3 potions of curing
 e - a potion of heal wounds
 i - a potion of magic {unknown}
 j - a potion of degeneration {unknown}
 n - 2 potions of berserk rage
 o - a potion of brilliance {unknown}


   Skills:
 + Level 2.6 Fighting
 + Level 2.6 Dodging
 - Level 2.6 Stealth
 + Level 2.3 Shields
 - Level 2.0 Unarmed Combat
 - Level 2.2 Spellcasting
 - Level 1.0 Air Magic


You had 7 spell levels left.
You didn't know any spells.
Your spell library was empty.

Dungeon Overview and Level Annotations

Branches:
Dungeon (4/15)
 Temple: D:4-7

Altars:
Cheibriados
Vehumet

Annotations:
D:5 Eustachio


Innate Abilities, Weirdness & Mutations

You cannot wear most types of armour.
You are amphibious.
You can wear up to eight rings at the same time.
Your skin changes colour to match your surroundings (Stealth+).
Your rubbery body absorbs attacks. (AC +1, EV +1)
((You are camouflaged near water. (Stealth+)))
You have tentacles for arms and can constrict up to eight enemies at once.


Message History

You kill the kobold!
Cheibriados appreciates the change of pace.
The quokka barely misses you. The quokka misses you.
You barely miss the quokka. You grab the quokka. You constrict the quokka.
The quokka closely misses you.
You hit the quokka.
You kill the quokka!
Cheibriados thoroughly appreciates the change of pace.
No target in view!
You see here a quokka corpse.
Found a short sword.
Things that are here:
a +0 whip; a kobold corpse You start resting.
An adder comes into view.
An adder is nearby!
You see here a quokka corpse.
No target in view!
No target in view!
No target in view!
You start resting.
An adder is nearby!
You fall into a shaft and drop 1 floor!
The shaft crumbles and collapses.
An ogre comes into view. It is wielding a +0 giant club.
Eustachio the Magnificent comes into view.
He is wielding a +0 falchion.
Found a worn bronze wand.
The helpless ogre fails to defend itself.
You puncture the ogre!
The ogre is heavily wounded.
The ogre closely misses you. The ogre misses you.
A jelly comes into view.
The ogre hits you with a +0 giant club!!
Ouch! That really hurt!
The ogre closely misses you. The ogre hits you with a +0 giant club!
* * * LOW HITPOINT WARNING * * *
The ogre hits you with a +0 giant club!
You die...

#.##J# #.# #
#.##.# #.#
#.#.##.# #.#
###.#.##.# #.#
.........###.#
#...........###
###+++###.....#
#####.######.#
#.O@.....#
##########


You could see an ogre.

Vanquished Creatures
  Terence (D:2)
  2 adders (D:2)
  2 worms
  2 dart slugs
  9 orcs
  4 ball pythons
  4 endoplasms
  4 hobgoblins
  4 kobolds
  3 quokkas
  4 bats
  4 frilled lizards
  3 goblins
  8 rats
54 creatures vanquished.

Vanquished Creatures (others)
  5 toadstools (D:1)
5 creatures vanquished.

Grand Total: 59 creatures vanquished

Notes
Turn   | Place    | Note
-------+----------+-------------------------------------------
     0 | D:1      | omnomnOMINOUS the Octopode Wanderer began the quest for the
                  | Orb.
     0 | D:1      | omnomnOMINOUS set off with the following items: a +0
                  | dagger, a potion of berserk rage, a scroll of
                  | teleportation, a potion of curing, a potion of heal wounds
     0 | D:1      | Reached XP level 1. HP: 13/13 MP: 3/3
   336 | D:1      | Reached XP level 2. HP: 17/18 MP: 5/5
   523 | D:1      | Found a faded altar of an unknown god.
   530 | D:1      | Became a worshipper of Cheibriados the Contemplative
   530 | D:1      | Reached * piety under Cheibriados
  1050 | D:2      | Reached XP level 3. HP: 24/24 MP: 6/6
  1350 | D:2      | Noticed Terence
  1358 | D:2      | Killed Terence
  1359 | D:2      | Reached XP level 4. HP: 8/29 MP: 7/7
  1619 | D:2      | Reached ** piety under Cheibriados
  3105 | D:3      | Found a radiant altar of Vehumet.
  3220 | D:4      | You fall into a shaft and drop 1 floor!
  3220 | D:5      | Entered Level 5 of the Dungeon
  3221 | D:5      | Noticed an ogre
  3221 | D:5      | Noticed Eustachio
  3233 | D:5      | Mangled by an ogre

Illustrated notes

Levels and vault maps discovered:
D:1:      ldierk_walled_garden, layout_loops_cross,
          dreamdust_ecumenical_altar_hidden_monk_grotto,
          hangedman_decor_peaks_small, serial_bayou_crossing
D:2:      layout_loops_ring, minmay_misc_feat_encased, uniq_terence
D:3:      layout_loops_corners, general_overflow_altar, kennysheep_doodads,
          kennysheep_generic_room_13
D:4:      cheibrodos_thug_alley, layout_cave_pools,
          minmay_temple_entry_offerings, serial_column_ruins,
          column_ruins_hut_water, column_ruins_open_small,
          column_ruins_open_medium, column_ruins_open_tiny,
          column_ruins_open_tiny, column_ruins_columns_straight,
          column_ruins_corridor_dead_end, eino_tiny_chamber, chequers_avenue,
          minivault_25
D:5:      layout_loops_ring, serial_shops, shop_fountains, kennysheep_donut,
          hangedman_feature_mirror, uniq_pikel, uniq_eustachio

Skill      XL: |  1  2  3 |
---------------+----------+-----
Dodging        | 2 |  2.6
Fighting       | 2 |  2.6
Shields        | 2 |  2.3
Stealth        | |  2.6
Unarmed Combat | |  2.0
Spellcasting   | |  2.2
Air Magic      | |  1.0

Action                   |  1- 3 |  4- 6 || total
-------------------------+-------+-------++-------
Melee: Dagger            |    59 |    51 ||   110
       Constrict         |    16 |    13 ||    29
       Tentacles         |    11 |    12 ||    23
       Punch             |     2 |     1 ||     3
  Use: Potion            |     1 |       ||     1
 Stab: Sleeping          |     5 |     9 ||    14
       Distracted        |       |     1 ||     1
Armor: Skin              |    12 |     2 ||    14
Dodge: Dodged            |    35 |    19 ||    54
Block: Buckler           |     4 |    10 ||    14

Table legend: (Time is in decaauts)
 A = Elapsed time spent in this place.
 B = Non-inter-level travel time spent in this place.
 C = Inter-level travel time spent in this place.
 D = Time resting spent in this place.
 E = Time spent auto-exploring this place.
 F = Levels seen in this place.
 G = Mean time per level.
                   A        B        C        D        E       F      G
               +--------+--------+--------+--------+--------+-----+--------+
         Total |   4051 |   4006 |     45 |    790 |   2619 |   5 |  810.2 |
       Dungeon |   4051 |   4006 |     45 |    790 |   2619 |   5 |  810.2 |
               +--------+--------+--------+--------+--------+-----+--------+

Top non-repeatable levels by time:
     D:3: 1467 daAuts
     D:2: 1432 daAuts
     D:1: 1042 daAuts
     D:4: 89 daAuts
     D:5: 19 daAuts
